 Dungeon Crawl Stone Soup version 0.29-a0-477-g62b78b4225 (webtiles) character file.

Game seed: 1437440716268426500

2499 Infinimo the Cruncher (level 9, 0/69 HPs)
             Began as a Human Gladiator on May 24, 2022.
             Was an Initiate of Gozag.
             Succumbed to a killer bee's poison
             ... on level 8 of the Dungeon on May 25, 2022.
             The game lasted 00:08:07 (8379 turns).

Infinimo the Cruncher (Human Gladiator)             Turns: 8379, Time: 00:08:08

Health: 0/69       AC:  5    Str: 16    XL:     9   Next: 82%
Magic:  12/12      EV: 14    Int: 12    God:    Gozag
Gold:   832        SH:  0    Dex: 14    Spells: 9/12 levels left

rFire   . . .      SeeInvis .   a - +1 quarterstaff (flame)
rCold   . . .      Faith    .   (shield currently unavailable)
rNeg    . . .      Spirit   .   b - +0 leather armour
rPois   .          Reflect  .   c - +1 helmet
rElec   .          Harm     .   (no cloak)
rCorr   .          Rampage  .   (no gloves)
Will    .....                   (no boots)
Stlth   +.........              (no amulet)
HPRegen 0.21/turn               (no ring)
MPRegen 0.13/turn               (no ring)

@: lethally poisoned (0 -> -7), gold aura
A: no striking features
a: Renounce Religion, Potion Petition, Call Merchant, Bribe Branch


You were on level 8 of the Dungeon.
You worshipped Gozag.
Gozag was pleased with you.
You visited 2 branches of the dungeon, and saw 9 of its levels.
You also visited: Sewer.

You collected 978 gold pieces.
You spent 78 gold pieces at shops.
You paid 68 gold pieces to Gozag.

Inventory:

Hand Weapons
 a - a +1 quarterstaff of flaming (weapon)
Missiles
 d - 3 throwing nets (quivered)
 e - a javelin
 C - 2 silver javelins
Armour
 b - a +0 leather armour (worn)
 c - a +1 helmet (worn)
Jewellery
 g - a +6 ring of dexterity
 h - an amulet of faith
 j - an amulet of reflection
 m - a +4 ring of protection
 r - a +6 ring of strength
 s - a ring of poison resistance
Wands
 n - a wand of acid (1)
 u - a wand of iceblast (7)
Scrolls
 f - a scroll of vulnerability
 i - a scroll of immolation
 k - a scroll of enchant armour
 l - 7 scrolls of identify
 o - 3 scrolls of teleportation
 p - 2 scrolls of enchant weapon
 y - 2 scrolls of amnesia
 B - a scroll of blinking {unknown}
Potions
 q - a potion of attraction
 t - 3 potions of heal wounds
 v - 2 potions of degeneration
 w - 2 potions of mutation
 x - a potion of brilliance
 z - 3 potions of ambrosia
 A - a potion of lignification


   Skills:
 + Level 6.2 Fighting
 * Level 9.0 Staves
 - Level 2.0 Throwing
 + Level 6.6 Dodging
 + Level 2.3 Spellcasting
 + Level 2.6 Air Magic


You had 9 spell levels left.
You knew the following spells:

 Your Spells              Type           Power      Damage    Failure   Level
a - Swiftness             Air            7%         N/A       32%         3

Your spell library contained the following spells:

 Spells                   Type           Power      Damage    Failure   Level
 Shock                    Conj/Air       16%        1d4       19%         1
 Dazzling Flash           Conj/Hex       2%         N/A       67%         3
 Ozocubu's Armour         Ice            1%         N/A       67%         3
 Airstrike                Air            3%         N/A       71%         4
 Silence                  Hex/Air        2%         N/A       99%         5
 Agony                    Necr           1%         N/A       100%        5
 Blade Hands              Tmut           0%         N/A       100%        5
 Irradiate                Conj/Tmut      0%         3d13      100%        5
 Dragon Form              Tmut           0%         N/A       100%        7
 Ozocubu's Refrigeration  Ice            0%         4d5       100%        7


Dungeon Overview and Level Annotations

Branches:
Dungeon (8/15)             Temple (1/1) D:4           Sewer (visited)
   Lair: D:8-11

Altars:
Ashenzari
Dithmenos
Elyvilon
Fedhas
Gozag
Makhleb
Nemelex Xobeh
Okawaru
Qazlal
Ru
Sif Muna
Uskayaw
Vehumet
Xom
Yredelemnul
Zin
The Shining One

Shops:
D:6 ?


Message History

The killer bee is moderately wounded.
You feel sick.
The killer bee is moderately wounded.
You feel sick. The killer bee stings you.
* * * LOW HITPOINT WARNING * * *
You are more poisoned.
The killer bee poisons you!
The killer bee is moderately wounded.
* * * LOW HITPOINT WARNING * * *
You feel very sick. The killer bee stings you.
* * * LOW HITPOINT WARNING * * *
The killer bee is moderately wounded.
* * * LOW HITPOINT WARNING * * *
You feel very sick.
You feel much better.
You feel very sick. The killer bee stings you. x2
You are more poisoned.
The killer bee poisons you!
You sock the killer bee! You burn the killer bee.
You kill the killer bee!
You feel very sick.
The killer bee attacks as you move away!
You feel very sick. The killer bee stings you.
* * * LOW HITPOINT WARNING * * *
You see here 4 gold pieces.
The killer bee attacks as you move away!
The killer bee stings you.
* * * LOW HITPOINT WARNING * * *
x2 You feel very sick.
The killer bee is heavily wounded.
* * * LOW HITPOINT WARNING * * *
You feel sick. The killer bee stings you.
* * * LOW HITPOINT WARNING * * *
You burn the killer bee.
The killer bee is severely wounded.
You die...
Your body crumbles into a pile of gold.

'...≈≈≈≈≈....... ..........
#.....≈≈........###......#..
#...............)...........
#...........................
$
#..Y.............##.........
..............##[##.........
...........#.# #<##.........
..........##. #y##.........
........#### #@##...#.####
....Y.#....##....##......#
......#.##.####.[#.....#.#
........##.# #....#.###.#
......####.####....#.....#
......# #....######.....##
......# ####.## ##.....#.#
......# #..######.......#
......# ##)............##


You could see a killer bee.

Vanquished Creatures
  3 yaks (D:8)
  A vampire mosquito (D:7)
  An orc warrior (D:6)
  Pargi (Sewer)
  A sky beast (D:6)
  4 ogres
  A black bear (D:4)
  A bullfrog (D:8)
  3 necrophages
  2 scorpions (D:6)
  3 killer bees (D:8)
  4 hounds
  A jelly (D:5)
  An orc priest (D:4)
  5 iguanas
  2 orc wizards (D:4)
  Natasha (thrice) (D:2)
  13 adders
  4 gnolls (D:5)
  A river rat (D:3)
  A shadow imp (D:5)
  3 white imps
  An ufetubus (D:4)
  3 dart slugs
  11 orcs
  7 ball pythons
  2 endoplasms
  4 giant cockroaches
  7 goblins
  7 hobgoblins
  9 jackals
  4 kobolds
  2 quokkas
  14 bats
  2 frilled lizards
  5 rats
137 creatures vanquished.

Notes
Turn   | Place    | Note
-------+----------+-------------------------------------------
     0 | D:1      | Infinimo the Human Gladiator began the quest for the Orb.
     0 | D:1      | Reached XP level 1. HP: 16/16 MP: 1/1
   156 | D:1      | Reached XP level 2. HP: 22/22 MP: 2/2
   871 | D:2      | Reached XP level 3. HP: 27/28 MP: 3/3
  1198 | D:2      | Noticed Natasha
  1204 | D:2      | Killed Natasha
  1205 | D:2      | Reached skill level 4 in Staves
  1205 | D:2      | Reached XP level 4. HP: 25/34 MP: 4/4
  1444 | D:2      | Noticed Natasha
  1450 | D:2      | Killed Natasha
  1451 | D:2      | Reached XP level 5. HP: 40/40 MP: 5/5
  1590 | D:2      | Noticed Natasha
  1598 | D:2      | Killed Natasha
  1916 | D:3      | Found a glowing drain.
  1928 | Sewer    | Entered a sewer
  1969 | Sewer    | Noticed Pargi
  1987 | Sewer    | Killed Pargi
  1988 | Sewer    | Reached skill level 5 in Staves
  1988 | Sewer    | Reached XP level 6. HP: 12/47 MP: 6/6
  2679 | D:3      | Found an opulent altar of Gozag.
  2897 | D:3      | Became a worshipper of Gozag Ym Sagoz the Greedy
  3089 | D:4      | Noticed a black bear
  3107 | D:4      | Killed a black bear
  3108 | D:4      | Reached XP level 7. HP: 8/53 MP: 7/7
  3544 | D:4      | You fall into a shaft and drop 1 floor!
  3544 | D:5      | Entered Level 5 of the Dungeon
  3585 | D:5      | Reached skill level 6 in Staves
  4145 | D:4      | Found a staircase to the Ecumenical Temple.
  4254 | D:4      | Reached skill level 5 in Dodging
  4254 | D:4      | Reached XP level 8. HP: 18/61 MP: 8/8
  4932 | D:4      | Found a sparkling altar of Nemelex Xobeh.
  4933 | D:4      | Found a broken altar of Ashenzari.
  5140 | Temple   | Entered the Ecumenical Temple
  5590 | D:5      | Reached skill level 7 in Staves
  6058 | D:5      | Reached skill level 5 in Fighting
  6283 | D:6      | Found Wuniutap's Magic Scroll Emporium.
  6342 | D:6      | Bought a scroll of identify for 26 gold pieces
  6342 | D:6      | Bought a scroll of identify for 26 gold pieces
  6342 | D:6      | Bought a scroll of identify for 26 gold pieces
  6455 | D:6      | Found a glowing golden altar of the Shining One.
  6460 | D:6      | Learned a level 3 spell: Swiftness
  6490 | D:6      | Reached XP level 9. HP: 39/68 MP: 9/9
  6762 | D:6      | Reached skill level 8 in Staves
  6873 | D:6      | Reached skill level 1 in Spellcasting
  6873 | D:6      | Reached skill level 1 in Air Magic
  8186 | D:8      | Reached skill level 9 in Staves
  8378 | D:8      | HP: 2/69 [killer bee (5)]
  8379 | D:8      | Succumbed to a killer bee's poison

Illustrated notes

Levels and vault maps discovered:
D:1:      psy_arrival_fountain, layout_rooms, st_stairs_13, roderic_lattice_a
D:2:      layout_loops_cross, kennysheep_generic_room_14, uniq_natasha
D:3:      layout_rooms, mainiacjoe_overflow_paths,
          cheibrodos_sewer_entry_sluice, minivault_23, supply_closet_lemuel
D:4:      layout_loops_corners, gammafunk_temple_overflow_statue,
          minmay_temple_entry_proselytizer, serial_rivers,
          chequers_serial_rivers_room_b, chequers_serial_rivers_small_b,
          chequers_serial_rivers_micro_b, chequers_serial_rivers_micro_d,
          chequers_serial_rivers_micro_e, chequers_serial_rivers_small_b
D:5:      layout_gridville, nicolae_elevator_lobby_plus
D:6:      layout_basic, tso_metal_star, serial_shops, shop_fountains,
          grunt_ministairs_14
D:7:      layout_basic, mainiacjoe_overflow_six_doors_small, minmay_small_thing
D:8:      argonaut_augean_stables, layout_rooms
Temple:   dshaligram_water_room_temple

Skill      XL: |  1  2  3  4  5  6  7  8  9 |
---------------+----------------------------+-----
Staves         | 4 5 6 7 9 |  9.0
Fighting       | 3 4 5 6 |  6.2
Dodging        | 4 5 6 |  6.6
Spellcasting   | 2 |  2.3
Air Magic      | 2 |  2.6
Throwing       | |  2.0

Action                   |  1- 3 |  4- 6 |  7- 9 || total
-------------------------+-------+-------+-------++-------
Melee: Quarterstaff      |    76 |   129 |   232 ||   437
  Use: Scroll            |       |     8 |    10 ||    18
       Potion            |       |       |     3 ||     3
 Stab: Sleeping          |     2 |       |     2 ||     4
       Distracted        |       |     1 |       ||     1
Armor: Leather armour    |    22 |    60 |    42 ||   124
Dodge: Dodged            |    63 |   147 |   171 ||   381

Table legend: (Time is in decaauts)
 A = Elapsed time spent in this place.
 B = Non-inter-level travel time spent in this place.
 C = Inter-level travel time spent in this place.
 D = Time resting spent in this place.
 E = Time spent auto-exploring this place.
 F = Levels seen in this place.
 G = Mean time per level.
                   A        B        C        D        E       F      G
               +--------+--------+--------+--------+--------+-----+--------+
         Total |   8377 |   8153 |    224 |    420 |   6771 |  10 |  837.7 |
       Dungeon |   7909 |   7708 |    201 |    420 |   6378 |   8 |  988.6 |
        Temple |    132 |    109 |     23 |      0 |    100 |   1 |  132.0 |
         Sewer |    335 |    335 |      0 |      0 |    293 |   1 |  335.0 |
               +--------+--------+--------+--------+--------+-----+--------+

Top non-repeatable levels by time:
     D:4: 1911 daAuts
     D:5: 1250 daAuts
     D:2: 1203 daAuts
     D:6: 956 daAuts
     D:8: 793 daAuts
     D:1: 716 daAuts
     D:3: 680 daAuts
     D:7: 398 daAuts
   Sewer: 335 daAuts
  Temple: 132 daAuts
